 Dungeon Crawl Stone Soup version 0.29.1-14-g9c671dbff4 (webtiles) character file.

Game seed: 14543193983545748229

36 tizbic2 the Trooper (level 3, -3/39 HPs)
             Began as an Ogre Brigand on Feb 13, 2023.
             Slain by a gnoll
             ... wielding a +0 spear
              (5 damage)
             ... on level 2 of the Dungeon.
             The game lasted 00:06:39 (1783 turns).

tizbic2 the Trooper (Ogre Brigand)                  Turns: 1783, Time: 00:06:39

Health: -3/39      AC:  7    Str: 17 (20) XL:     3   Next: 37%
Magic:  3/3        EV:  9    Int: 10 (12) God:
Gold:   111        SH:  0    Dex:  9 (10) Spells: 2/2 levels left

rFire   . . .      SeeInvis .   b - +0 mace
rCold   . . .      Faith    .   (no shield)
rNeg    . . .      Spirit   .   k - +2 robe "Isegyhe" {Str+3}
rPois   .          Reflect  .   (helmet restricted)
rElec   .          Harm     .   c - +1 cloak
rCorr   .          Rampage  .   (gloves unavailable)
Will    .....                   (boots unavailable)
Stlth   ++........              g - amulet of magic regeneration
HPRegen 0.13/turn               (no ring)
MPRegen 0.48/turn               (no ring)

@: about to teleport
A: large, unfitting armour, tough skin 1
a: no special abilities


You were on level 2 of the Dungeon.
You visited 1 branch of the dungeon, and saw 2 of its levels.

You collected 111 gold pieces.

Inventory:

Hand Weapons
 a - a +2 dagger
 b - a +0 mace (weapon)
Missiles
 d - 9 poisoned darts (quivered)
 e - 3 curare-tipped darts
 f - 6 stones
Armour
 c - a +1 cloak (worn)
 k - the +2 robe "Isegyhe" (worn) {Str+3}
   (You acquired it on level 2 of the Dungeon)

   Str:       It affects your strength (+3).
Jewellery
 g - an amulet of magic regeneration (around neck)
 m - a ring of ice
Scrolls
 h - a scroll of teleportation
 j - 2 scrolls of identify
 l - a scroll of fear {unknown}
 n - 2 scrolls of blinking {unknown}
 o - a scroll of silence {unknown}
Potions
 i - a potion of attraction
 p - a potion of degeneration


   Skills:
 * Level 3.7 Fighting
 - Level 1.7 Short Blades
 + Level 2.4 Throwing
 * Level 1.9 Dodging
 - Level 2.9 Stealth


You had 2 spell levels left.
You didn't know any spells.
Your spell library contained the following spells:

 Spells                   Type           Power      Damage    Failure   Level
 Sublimation of Blood     Necr           0%         N/A       50%         2
 Wereblood                Tmut           0%         N/A       50%         2
 Summon Hydra             Summ           0%         N/A       100%        7


Dungeon Overview and Level Annotations

Branches:
Dungeon (2/15)

Altars:

Shops:
D:2 =


Innate Abilities, Weirdness & Mutations

You are too large for most types of armour.
You have tough skin. (AC +1)


Message History

You hear a shout!
The gnoll closely misses you.
There is an open door here.
You sock the gnoll!
The gnoll is severely wounded.
The gnoll hits you with a +0 spear. The gnoll closely misses you.
You barely miss the gnoll. The gnoll hits you with a +0 flail!
The gnoll barely misses you. The gnoll hits you but does no damage.
The gnoll hits you with a +0 flail.
You hit the gnoll.
The gnoll is heavily wounded.
The gnoll barely misses you. The gnoll hits you with a +0 spear.
You hit the gnoll but do no damage.
The gnoll is heavily wounded.
The gnoll hits you with a +0 spear. The gnoll closely misses you.
The gnoll hits you but does no damage. The gnoll hits you with a +0 spear.
It was a potion of degeneration.
There was something very wrong with that liquid.
You feel weakened.
You feel dopey.
You feel clumsy. The gnoll hits you with a +0 flail!
* * * LOW HITPOINT WARNING * * *
The gnoll barely misses you.
You barely miss the gnoll.
The gnoll is heavily wounded.
The gnoll barely misses you. The gnoll hits you with a +0 spear.
* * * LOW HITPOINT WARNING * * *
Okay, then.
As you read the scroll of teleportation, it crumbles to dust.
You feel strangely unstable. The gnoll hits you with a +0 spear.
* * * LOW HITPOINT WARNING * * *
The gnoll barely misses you.
You hit the gnoll.
The gnoll is heavily wounded.
The gnoll closely misses you. The gnoll hits you with a +0 spear.
* * * LOW HITPOINT WARNING * * *
Unknown command.
You hit the gnoll.
The gnoll is severely wounded.
The gnoll hits you with a +0 spear.
You die... ####### ..... gg.

##### #.#g###)#+# #...#
#g#@g...... #...#
#8#'####...
#...#########^#....#
#...#.......#.#....#
##...#.#............##+#
.#...#.#...............#
.#...#.#.....)......####
.#...#.#............#
.......#.......#.......
.


You could see 4 gnolls.

Vanquished Creatures
  2 adders (D:2)
  A worm (D:2)
  2 endoplasms
  2 goblins
  3 hobgoblins
  A kobold (D:1)
  3 frilled lizards
  2 rats
16 creatures vanquished.

Notes
Turn   | Place    | Note
-------+----------+-------------------------------------------
     0 | D:1      | tizbic2 the Ogre Brigand began the quest for the Orb.
     0 | D:1      | Reached XP level 1. HP: 22/22 MP: 1/1
    39 | D:1      | Reached skill level 1 in Dodging
   159 | D:1      | Reached skill level 3 in Fighting
   168 | D:1      | Reached XP level 2. HP: 16/31 MP: 2/2
   699 | D:2      | Found Nuaso's Jewellery Shoppe.
   979 | D:2      | Identified a scroll of acquirement
   979 | D:2      | Acquired the +2 robe "Isegyhe" {Str+3}
   985 | D:2      | Reached XP level 3. HP: 15/37 MP: 3/3
  1783 | D:2      | Slain by a gnoll

Illustrated notes

Levels and vault maps discovered:
D:1:      dpeg_arrival_signposts, layout_rooms
D:2:      layout_basic, serial_shops, nicolae_lakefront_shop,
          ebering_dispersal_statue_hall

Skill      XL: |  1 |
---------------+----+-----
Dodging        | 1 |  1.9
Fighting       | 3 |  3.7
Short Blades   | |  1.7
Throwing       | |  2.4
Stealth        | |  2.9

Action                   || total
-------------------------++-------
Melee: Dagger            ||    57
       Punch             ||     1
       Mace              ||    19
  Use: Scroll            ||     8
       Potion            ||     1
 Stab: Sleeping          ||     3
Armor: Robe              ||    30
Dodge: Dodged            ||    43
